 Dungeon Crawl Stone Soup version 0.29-a0-410-g9596d59a08 (webtiles) character file.

Game seed: 15627090804634672676

61 Conn the Firebug (level 4, -3/27 HPs)
             Began as an Octopode Fire Elementalist on May 14, 2022.
             Killed from afar by Sigmund (8 damage)
             ... with a magic dart
             ... on level 2 of the Dungeon.
             The game lasted 00:07:15 (1871 turns).

Conn the Firebug (Octopode Fire Elementalist)       Turns: 1871, Time: 00:07:16

Health: -3/27      AC:  1    Str:  7    XL:     4   Next: 7%
Magic:  1/7        EV: 13    Int: 21    God:
Gold:   88         SH:  0    Dex: 12    Spells: 1/8 levels left

rFire   . . .      SeeInvis .   c - +0 dagger
rCold   . . .      Faith    .   (no shield)
rNeg    . . .      Spirit   .   (helmet restricted)
rPois   .          Reflect  .   (no amulet)
rElec   .          Harm     .   (no ring)
rCorr   .          Rampage  .   (no ring)
Will    .....      Clarity  +   (no ring)
Stlth   +++.......              (no ring)
HPRegen 0.09/turn               (no ring)
MPRegen 0.10/turn               (no ring)
                                (no ring)
                                (no ring)

@: brilliant, weak-willed
A: almost no armour, amphibious, 8 rings, camouflage 1, gelatinous body 1,
(nimble swimmer 1), tentacles, clarity, clever 1, low MP 1
a: no special abilities


You were on level 2 of the Dungeon.
You visited 1 branch of the dungeon, and saw 2 of its levels.

You collected 88 gold pieces.

Inventory:

Hand Weapons
 c - a +0 dagger (weapon)
Wands
 d - a wand of polymorph (6)
Scrolls
 f - 2 scrolls of identify {unknown}
 i - a scroll of poison {unknown}
 j - a scroll of fear {unknown}
 m - a scroll of teleportation {unknown}
 n - a scroll of magic mapping {unknown}
Potions
 a - a potion of magic


   Skills:
 + Level 2.2 Dodging
 + Level 3.4 Stealth
 + Level 2.6 Spellcasting
 + Level 1.2 Conjurations
 + Level 3.8 Fire Magic


You had one spell level left.
You knew the following spells:

 Your Spells              Type           Power      Damage    Failure   Level
a - Foxfire               Conj/Fire      80%        2x1d8     4%          1
b - Conjure Flame         Conj/Fire      20%        6-21      14%         3
c - Inner Flame           Hex/Fire       16%        N/A       19%         3

Your spell library contained the following spells:

 Spells                   Type           Power      Damage    Failure   Level
 Sting                    Tmut/Pois      16%        1d3       14%         1
 Scorch                   Fire           56%        2d8       4%          2
 Poisonous Vapours        Pois/Air       8%         N/A       22%         2
 Flame Wave               Conj/Fire      20%        2d7       43%         4
 Olgreb's Toxic Radiance  Pois           4%         N/A       80%         4


Dungeon Overview and Level Annotations

Branches:
Dungeon (2/15)

Altars:

Annotations:
D:2 Sigmund


Innate Abilities, Weirdness & Mutations

You cannot wear most types of armour.
You are amphibious.
You can wear up to eight rings at the same time.
Your skin changes colour to match your surroundings (Stealth+).
Your rubbery body absorbs attacks. (AC +1, EV +1)
((You are camouflaged when in or above water. (Stealth+)))
You have tentacles for arms and can constrict up to eight enemies at once.
You possess an exceptional clarity of mind.
Your mind is acute. (Int +2)
Your magical capacity is low. (-10% MP)


Message History

You miscast Foxfire.
You are very lightly contaminated with residual magic.
Nothing appears to happen.
There is an open door here.
There is a stone staircase leading down here.
Okay, then.
As you read the scroll labelled KYKOISH QEEGHE, it crumbles to dust.
Magic quickly surges around you.
It was a scroll of vulnerability.
Blink to where?
Press: ? - help, Dir - move target
As you read the scroll labelled QUDEFO OXAU, it crumbles to dust.
It was a scroll of blinking.
Your magical contamination has completely faded away.
Casting: Foxfire (safe; 5% risk of failure)
Confirm with . or Enter, or press ? or * to list all spells.
You conjure some foxfire!
The foxfire hits something.
Your foxfire dissipates!
You hear a zap.
A puff of flame appears from out of thin air!
The puff of flame hits you!
* * * LOW HITPOINT WARNING * * *
It was a potion of brilliance.
You feel clever all of a sudden.
It was a potion of mutation.
You feel extremely strange.
You feel less energetic.
You feel clever.
Your thoughts seem clearer.
You feel better.
Okay, then.
You feel momentarily confused.
Casting: Foxfire (safe; 4% risk of failure)
Confirm with . or Enter, or press ? or * to list all spells.
You feel a surge of power!
You conjure some foxfire!
You hear a zap.
A puff of flame appears from out of thin air!
The puff of flame hits you!
* * * LOW HITPOINT WARNING * * *
The foxfire hits something but does no damage. x2
A magic dart appears from out of thin air!
The magic dart hits you!
You die...

....########...###....#
.[..(.{..........'....#
..(.#########..###...(#
...( #....[...#....#
.... #........#....#
#### #........######
#######{#########
#......>#.......#
#.#######@§.....# #.#
#§§.....#
#.#######.§.....#
#.{.....{.......#
################.......#
.......).......#.÷.[...#
##############.#.÷.....#
#.#.####### #.#.#


There were no monsters in sight!

Vanquished Creatures
  Terence (D:2)
  An adder (D:2)
  A ball python (D:1)
  4 endoplasms
  A giant cockroach (D:1)
  2 goblins
  4 hobgoblins
  4 jackals (D:2)
  3 bats
  4 kobolds
  A rat (D:1)
26 creatures vanquished.

Vanquished Creatures (collateral kills)
  A foxfire (D:2)
1 creature vanquished.

Vanquished Creatures (others)
  50 foxfires
50 creatures vanquished.

Grand Total: 77 creatures vanquished

Notes
Turn   | Place    | Note
-------+----------+-------------------------------------------
     0 | D:1      | Conn the Octopode Fire Elementalist began the quest for the
                  | Orb.
     0 | D:1      | Reached XP level 1. HP: 11/11 MP: 3/3
   448 | D:1      | Reached XP level 2. HP: 17/17 MP: 1/5
  1164 | D:2      | Reached XP level 3. HP: 21/21 MP: 1/6
  1249 | D:2      | Noticed Terence
  1292 | D:2      | Killed Terence
  1610 | D:2      | Reached XP level 4. HP: 22/27 MP: 3/7
  1771 | D:2      | Noticed Sigmund
  1784 | D:2      | Learned a level 3 spell: Conjure Flame
  1788 | D:2      | Learned a level 3 spell: Inner Flame
  1857 | D:2      | Gained mutation: Your magical capacity is low. (-10% MP)
                  | [potion of mutation]
  1857 | D:2      | Gained mutation: Your mind is acute. (Int +2) [potion of
                  | mutation]
  1857 | D:2      | Gained mutation: You possess an exceptional clarity of
                  | mind. [potion of mutation]
  1871 | D:2      | Killed from afar by Sigmund

Illustrated notes

Levels and vault maps discovered:
D:1:      shiori_arrival_maze, layout_loops_corners,
          chequers_serial_rivers_large_b, hex_tiny, minmay_misc_feat_columns
D:2:      layout_basic, basic_altar, dreamdust_princess_bridge, uniq_terence,
          uniq_sigmund

Skill      XL: |  1  2 |
---------------+-------+-----
Stealth        | 3 |  3.4
Dodging        | |  2.2
Spellcasting   | |  2.6
Conjurations   | |  1.2
Fire Magic     | |  3.8

Action                   |  1- 3 |  4- 6 || total
-------------------------+-------+-------++-------
Melee: Dagger            |    18 |     4 ||    22
       Tentacles         |     2 |     1 ||     3
       Unarmed           |     7 |       ||     7
       Constrict         |     1 |     2 ||     3
Throw: Dart              |       |     6 ||     6
 Cast: Foxfire           |    27 |     6 ||    33
       Conjure Flame     |       |     1 ||     1
  Use: Potion            |     3 |     3 ||     6
       Scroll            |       |     2 ||     2
 Stab: Sleeping          |     6 |       ||     6
Armor: Skin              |     1 |       ||     1
Dodge: Dodged            |    14 |    10 ||    24

Table legend: (Time is in decaauts)
 A = Elapsed time spent in this place.
 B = Non-inter-level travel time spent in this place.
 C = Inter-level travel time spent in this place.
 D = Time resting spent in this place.
 E = Time spent auto-exploring this place.
 F = Levels seen in this place.
 G = Mean time per level.
                   A        B        C        D        E       F      G
               +--------+--------+--------+--------+--------+-----+--------+
         Total |   1863 |   1810 |     53 |      0 |   1443 |   2 |  931.5 |
       Dungeon |   1863 |   1810 |     53 |      0 |   1443 |   2 |  931.5 |
               +--------+--------+--------+--------+--------+-----+--------+

Top non-repeatable levels by time:
     D:1: 1034 daAuts
     D:2: 829 daAuts
